 Dungeon Crawl Stone Soup version 0.23.2-33-g5129a83184 (webtiles) character file.

Game seed: 5528889430723512290

4 Folque the Chiller (level 1, 0/15 HPs)
             Began as a Draconian Ice Elementalist on July 7, 2019.
             Slain by a bat (1 damage)
             ... on level 1 of the Dungeon.
             The game lasted 00:00:40 (81 turns).

Folque the Chiller (Draconian Ice Elementalist)       Turns: 81, Time: 00:00:41

Health: 0/15       AC:  4    Str: 10    XL:     1   Next: 58%
Magic:  0/3        EV: 12    Int: 15    God:
Gold:   23         SH:  0    Dex: 11    Spells: 3/4 levels left

rFire    . . .     SeeInvis .   (no weapon)
rCold    . . .     Gourm    .   (no shield)
rNeg     . . .     Faith    .   (armour unavailable)
rPois    .         Spirit   .   (helmet restricted)
rElec    .         Reflect  .   (no cloak)
rCorr    .         Harm     .   (no gloves)
MR       .....                  (no boots)
Stlth    ++........             (no amulet)
HPRegen  0.05/turn              (no ring)
MPRegen  0.08/turn              (no ring)

@: no status effects
A: unfitting armour, cold-blooded, AC +4
a: no special abilities


You were on level 1 of the Dungeon.
You were not hungry.

You visited 1 branch of the dungeon, and saw 1 of its levels.

You collected 23 gold pieces.

Inventory:

Comestibles
 b - a ration


   Skills:
 + Level 0.4 Fighting
 - Level 1.7 Dodging
 - Level 1.7 Stealth
 * Level 2.2 Spellcasting
   Level 1.0 Conjurations
 + Level 3.0 Ice Magic


You had 3 spell levels left.
You knew the following spells:

 Your Spells              Type           Power        Failure   Level  Hunger
a - Freeze                Ice            ##..         6%          1    #......

Your spell library contained the following spells:

 Spells                   Type           Power        Failure   Level  Hunger
 Throw Frost              Conj/Ice       #.....       14%         2    ###....
 Ozocubu's Armour         Chrm/Ice       #.......     34%         3    ###....
 Throw Icicle             Conj/Ice       #.......     67%         4    #####..
 Summon Ice Beast         Ice/Summ       #.......     75%         4    #####..


Dungeon Overview and Level Annotations

Branches:
Dungeon (1/15)

Altars:


Innate Abilities, Weirdness & Mutations

Your plain brown scales are hard. (AC +4)
You cannot fit into any form of body armour.
You are cold-blooded and may be slowed by cold attacks.


Message History

Your tail-slap misses the giant cockroach.
The giant cockroach is moderately wounded.
The bat barely misses you. The giant cockroach bites you.
* * * LOW HITPOINT WARNING * * *
You hit the giant cockroach but do no damage.
The giant cockroach is moderately wounded.
The bat hits you but does no damage.
The giant cockroach bites you but does no damage.
The bat hits you but does no damage. The giant cockroach misses you.
You hit the giant cockroach but do no damage.
The giant cockroach is moderately wounded.
The bat hits you but does no damage.
A hobgoblin comes into view. It is wielding a +0 club.
The goblin hits you with a +0 dagger.
* * * LOW HITPOINT WARNING * * *
The giant cockroach barely misses you.
You hit the giant cockroach.
You kill the giant cockroach!
The bat hits you.
You die...

#.# (g...# ....#..
..... #...##. ....
#...## ... ###
#..## .. ..###
####... #. ####....
....... #g##....#
####...
#b@)K...########...
####...†).$..!...##
#...(##.........
#...(###........
######.[.#######
...### ###


You could see a hobgoblin, a goblin, a bat and a kobold.

Vanquished Creatures
  A giant cockroach (D:1)
  2 hobgoblins (D:1)
  A goblin (D:1)
4 creatures vanquished.

Notes
Turn   | Place    | Note
-------+----------+-------------------------------------------
     0 | D:1      | Folque the Draconian Ice Elementalist began the quest for
                  | the Orb.
     0 | D:1      | Reached XP level 1. HP: 14/14 MP: 3/3
     2 | D:1      | Noticed a halfling
     5 | D:1      | Noticed a gargoyle
     5 | D:1      | Noticed a troll
     7 | D:1      | Noticed a tengu
     7 | D:1      | Noticed an elf
     9 | D:1      | Noticed a felid
     9 | D:1      | Noticed a formicid
    11 | D:1      | Noticed a spriggan
    11 | D:1      | Noticed a centaur
    13 | D:1      | Noticed an ogre
    15 | D:1      | Noticed an octopode
    15 | D:1      | Noticed a vine stalker
    18 | D:1      | Noticed a draconian
    18 | D:1      | Noticed a demigod
    20 | D:1      | Noticed a ghoul
    20 | D:1      | Noticed a naga
    22 | D:1      | Noticed a dwarf
    24 | D:1      | Noticed a demonspawn
    24 | D:1      | Noticed a minotaur
    26 | D:1      | Noticed a merfolk
    28 | D:1      | Noticed a human
    28 | D:1      | Noticed a vampire
    81 | D:1      | Slain by a bat

Action                   || total
-------------------------++-------
Melee: Unarmed           ||    13
 Cast: Freeze            ||     4
  Use: Scroll            ||     1
Armor: Skin              ||    11
Dodge: Dodged            ||    13
